cohdb
Replays
Latest Replays
All Replays
Popular Replays
Top Player Replays
Match Explorer
How It Works
Community
CoH3 Stats
Reddit
Sign in to upload your games and track your stats! →
Sign in with Steam
Match 45819361
Unlisted
Match 45819361
Overview
Messages
Build Orders
End
Royal Engineer Section
Construct Section Command Post
Infantry Section
Selects Air and Sea Battlegroup
Dingo Light Scout Car
Infantry Section
Construct Platoon Command Post
Humber Armored Car
Selects Commando Section Paradrop
Selects Commando Support Section Paradrop
Commando Support Section Paradrop
Construct Field Infirmary
Construct Company Command Post
Foot Guards Section
Selects Supply Surplus
Selects UNKNOWN (223837)
Matilda II Heavy Tank
6-pounder Anti-tank Gun Team
oziligath
Lemon
0
0
Comments
sign in to comment!
No comments posted yet!